 Dungeon Crawl Stone Soup version 0.31-a0-1093-gadecf4124d (webtiles) character file.

Game seed: 5182993055637471349

8 Malachi the Shooter (level 2, 0/22 HPs)
             Began as a Demonspawn Hunter on Nov 29, 2023.
             Slain by a gnoll
             ... wielding a +0 halberd
              (1 damage)
             ... on level 2 of the Dungeon.
             The game lasted 00:00:28 (699 turns).

Malachi the Shooter (Demonspawn Hunter)              Turns: 699, Time: 00:00:29

Health: 0/22       AC:  3    Str: 11    XL:     2   Next: 0%
Magic:  2/2        EV: 11    Int: 10    God:
Gold:   74         SH:  0    Dex: 16    Spells: 1/1 levels left

rFire   . . .        a - +0 shortbow
rCold   . . .        (shield currently unavailable)
rNeg    . . .        c - +0 leather armour
rPois   .            (no helmet)
rElec   .            (no cloak)
rCorr   .            (no gloves)
SInv    .            (no boots)
Will    .....        (no amulet)
Stlth   +            (no ring)
HPRegen 0.23/turn    (no ring)
MPRegen 0.08/turn

%: no passive effects
@: no status effects
A: hooves 1
a: no special abilities


You were on level 2 of the Dungeon.
You visited 1 branch of the dungeon, and saw 2 of its levels.

You collected 74 gold pieces.

Inventory:

Hand Weapons
 a - a +0 shortbow (weapon)
Armour
 c - a +0 leather armour (worn)
Scrolls
 b - a scroll of butterflies
 d - a scroll of teleportation {unknown}
 e - a scroll of noise {unknown}
 g - a scroll of fear {unknown}
Potions
 f - a potion of lignification {unknown}


   Skills:
 - Level 2.0 Fighting
 + Level 4.0 Ranged Weapons
 - Level 1.7 Dodging
 - Level 0.8 Stealth


You had one spell level left.
You didn't know any spells.
Your spell library was empty.

Dungeon Overview and Level Annotations

Branches:
Dungeon (2/15)

Altars:


Innate Abilities, Weirdness & Mutations

You have large cloven feet.


Message History

You shoot an arrow. The ball python hisses angrily.
The adder hisses angrily.
The arrow hits the giant cockroach.
The giant cockroach is severely wounded.
The giant cockroach bites you but does no damage.
A gnoll comes into view. It is wielding a +0 halberd.
The giant cockroach bites you but does no damage.
You shoot an arrow. The arrow hits the giant cockroach.
You kill the giant cockroach!
A worm comes into view.
You have reached level 2!
Your demonic ancestry asserts itself...
Your feet thicken and deform.
Fire: a) +0 shortbow
Press: ? - help, Q - select action Shift-Dir - straight line, f - adder
Aim: an adder (46% to hit)
You shoot an arrow. The arrow hits the adder.
The adder is moderately wounded.
The adder bites you. x2
Fire: a) +0 shortbow
Press: ? - help, Q - select action Shift-Dir - straight line, f/p - adder
Aim: an adder (moderately wounded, 46% to hit)
You shoot an arrow. The arrow barely misses the adder.
The arrow hits the gnoll.
The gnoll is moderately wounded.
The adder bites you. x2
A gnoll comes into view. It is wielding a +0 whip.
Fire: a) +0 shortbow
Press: ? - help, Q - select action Shift-Dir - straight line, f/p - adder
Aim: an adder (moderately wounded, 46% to hit)
You shoot an arrow. The gnoll shouts!
The arrow hits the adder but does no damage.
The adder is moderately wounded.
The gnoll hits you from afar with a +0 halberd!
* * * LOW HITPOINT WARNING * * *
The adder bites you.
* * * LOW HITPOINT WARNING * * *
The gnoll hits you from afar with a +0 halberd.
You die...

#.......# #.......#
#.......######## +.....
+.......'....... #.....
#.......######## #.....
#.......# ..# +.....
##.......# ...# .....
#..<.....###..?..
.....###.......@#.......
#+###....#+###g#S†#
##.......## #...g.#
...#...#.# #..#...#
##.....#.# #..##.wg.
.........# ##. #?.?#
#....#.#.# #. .$..#
#....#.#.# #. #...
#....#.#.# #. #..


You could see a worm, 2 gnolls, an adder and a hobgoblin.

Vanquished Creatures
  3 endoplasms (D:1)
  A giant cockroach (D:2)
  A bat (D:1)
  A kobold (D:1)
  2 rats
8 creatures vanquished.

Notes
Turn   | Place    | Note
-------+----------+-------------------------------------------
     0 | D:1      | Malachi the Demonspawn Hunter began the quest for the Orb.
     0 | D:1      | Reached XP level 1. HP: 16/16 MP: 1/1
   689 | D:2      | Reached skill level 4 in Ranged Weapons
   696 | D:2      | Gained mutation: You have large cloven feet. [demonic
                  | ancestry]
   696 | D:2      | Reached XP level 2. HP: 22/22 MP: 2/2
   699 | D:2      | HP: 1/22 [adder (3)]
   699 | D:2      | Slain by a gnoll

Illustrated notes

Levels and vault maps discovered:
D:1:      psy_arrival_radial01, layout_rooms, nrook_mini_backslash,
          minmay_misc_feat_tower
D:2:      layout_basic, corexii_leaking_fountain, minmay_circle_x, uniq_sigmund

Skill      XL: |  1 |
---------------+----+-----
Ranged Weapons | 4 |  4.0
Fighting       | |  2.0
Dodging        | |  1.7
Stealth        | |  0.8

Action                     || total
---------------------------++-------
   Fire: Shortbow          ||    24
 Armour: Leather armour    ||     9
  Dodge: Dodged            ||     1

Table legend: (Time is in decaauts)
 A = Elapsed time spent in this place.
 B = Non-inter-level travel time spent in this place.
 C = Inter-level travel time spent in this place.
 D = Time resting spent in this place.
 E = Time spent auto-exploring this place.
 F = Levels seen in this place.
 G = Mean time per level.
                   A        B        C        D        E       F      G
               +--------+--------+--------+--------+--------+-----+--------+
         Total |    704 |    677 |     27 |      0 |    627 |   2 |  352.0 |
       Dungeon |    704 |    677 |     27 |      0 |    627 |   2 |  352.0 |
               +--------+--------+--------+--------+--------+-----+--------+

Top non-repeatable levels by time:
     D:1: 650 daAuts
     D:2: 54 daAuts
